 Dungeon Crawl Stone Soup version 0.19-a0-1168-g98094fc (webtiles) character file.

2672 seren the Grappler (level 9, 0/72 (74) HPs)
             Began as a White Draconian Transmuter on Aug 15, 2016.
             Was a Follower of Makhleb.
             Slain by a manticore (6 damage)
             ... on level 7 of the Dungeon.
             The game lasted 00:44:03 (11425 turns).

seren the Grappler (White Draconian Transmuter)    Turns: 11425, Time: 00:44:04

HP:   0/72 (74)     AC: 10    Str: 20      XL:     9   Next: 37%
MP:   15/15         EV: 13    Int: 14      God:    Makhleb [*.....]
Gold: 308           SH:  0    Dex: 11 (12) Spells: 3 memorised, 10 levels left

rFire  . . .     SeeInvis .       - Unarmed
rCold  + . .     Gourm    .     (armour unavailable)
rNeg   . . .     Faith    .     (no shield)
rPois  .         Spirit   .     (helmet restricted)
rElec  .         Dismiss  .     (no cloak)
rCorr  .         Reflect  .     (no gloves)
MR     .....     Harm     .     m - +2 pair of boots
Stlth  +.........               (no amulet)
                                H - ring of wizardry
                                t - ring of flight

@: mighty, very slightly contaminated, hasted, drained, very quick
A: breathe frost, unfitting armour, cold resistance 1, cold-blooded, AC +7
a: Breathe Frost, Renounce Religion, Evoke Flight


You were on level 7 of the Dungeon.
You worshipped Makhleb.
Makhleb was aware of your devotion.
You were very hungry.

You visited 2 branches of the dungeon, and saw 8 of its levels.

You collected 308 gold pieces.

Inventory:

Hand Weapons
 w - the +2 falchion "Soucholoa" {drain, rElec}
   (You found it on level 4 of the Dungeon)

   A truly terrible weapon, it drains the life of those it strikes.
   It insulates you from electricity.
 y - the +8 spear of Action {drain, +Blink rElec rPois Dex+3}
   (You found it on level 5 of the Dungeon)

   A truly terrible weapon, it drains the life of those it strikes.
   It affects your dexterity (+3).
   It insulates you from electricity.
   It protects you from poison.
   It lets you blink.
Missiles
 a - 75 arrows
 g - 196 stones (quivered)
 i - 4 throwing nets
Armour
 m - a +2 pair of boots (worn)
Magical Staves
 h - an uncursed staff of earth
Jewellery
 t - a ring of flight (left hand)
 C - an uncursed ring of protection from cold
 H - a ring of wizardry (right hand)
Wands
 l - a wand of lightning (8/15)
 r - a wand of random effects (34/48)
 B - a wand of iceblast (15/15)
Scrolls
 d - 3 scrolls of amnesia
 j - 4 scrolls of remove curse
 n - a scroll of immolation
 A - a scroll of enchant armour
Potions
 e - a potion of magic {unknown}
 s - a potion of flight {unknown}
 x - a potion of beneficial mutation {unknown}
 z - a potion of cancellation {unknown}
 E - a potion of cure mutation {unknown}
 I - a potion of mutation {unknown}
Books
 b - a book of Changes

   Spells                             Type                      Level
   a - Beastly Appendage              Transmutation                1
   b - Sticks to Snakes               Transmutation                2
   c - Spider Form                    Transmutation/Poison         3
   d - Ice Form                       Ice/Transmutation            4
   e - Blade Hands                    Transmutation                5
 f - a book of Flames

   Spells                             Type                      Level
   a - Flame Tongue                   Conjuration/Fire             1
   b - Throw Flame                    Conjuration/Fire             2
   c - Conjure Flame                  Conjuration/Fire             3
   d - Inner Flame                    Hexes/Fire                   3
   e - Sticky Flame                   Conjuration/Fire             4
   f - Fireball                       Conjuration/Fire             5
 J - a book of Conjurations

   Spells                             Type                      Level
   a - Magic Dart                     Conjuration                  1
   b - Searing Ray                    Conjuration                  2
   c - Dazzling Spray                 Conjuration/Hexes            3
   d - Fulminant Prism                Conjuration/Hexes            4
   e - Iskenderun's Mystic Blast      Conjuration                  4
   f - Iskenderun's Battlesphere      Conjuration/Charms           5
Comestibles
 c - 2 bread rations
 k - 4 meat rations
 F - a slice of pizza


   Skills:
 - Level 5.6(5.2) Fighting
 - Level 4.0(3.6) Dodging
 * Level 8.8(8.3) Unarmed Combat
 + Level 4.1(3.7) Spellcasting
 + Level 6.5(6.1) Transmutations


You had 10 spell levels left.
You knew the following spells:

 Your Spells              Type           Power        Failure   Level  Hunger
a - Beastly Appendage     Tmut           ###...       1%          1    None
b - Sticks to Snakes      Tmut           ###.....     1%          2    ##.....
c - Spider Form           Tmut/Pois      ##........   9%          3    ###....


Dungeon Overview and Level Annotations

Branches:
Dungeon (7/15)             Temple (1/1) D:6

Altars:
Ashenzari
Dithmenos
Elyvilon
Fedhas
Gozag
Hepliaklqana
Kikubaaqudgha
Makhleb
Pakellas
Qazlal
Ru
Sif Muna
Trog
Vehumet
Xom
Yredelemnul
Zin
The Shining One

Annotations:
D:5 Grinder
D:7 Duvessa


Innate Abilities, Weirdness & Mutations

You can breathe waves of freezing cold.
You can buffet flying creatures when you breathe cold.
Your icy white scales are hard. (AC +7)
Your body does not fit into most forms of armour.
Your flesh is cold resistant. (rC+)
You are cold-blooded and may be slowed by cold attacks.


Message History

You punch the quasit!
You kill the quasit!
Makhleb accepts your kill.
e - a lumpy puce potion
Things that are here:
a dagger; a runed robe You are feeling very hungry.
The manticore bites you!
The manticore claws you but does no damage.
The manticore closely misses you.
You barely miss the manticore.
The manticore bites you but does no damage.
The manticore completely misses you. The manticore barely misses you.
You closely miss the manticore. The manticore bites you!!
* * * LOW HITPOINT WARNING * * *
The manticore misses you.
The manticore claws you but does no damage.
You barely miss the manticore. You barely miss the manticore.
The manticore bites you.
You die...

#.#.# .#
#.#.##.#
#......#
#......#
######.####
..# #.# #.#
#.# #.###.#
#@....#
#H##### #.#
..# ####


You could see a manticore.

Vanquished Creatures
  Prince Ribbit (D:6)
  Sigmund (D:2)
  A hippogriff (D:7)
  A sky beast (D:3)
  An orc warrior (D:7)
  2 ogres
  2 necrophages (D:7)
  2 phantoms (D:5)
  A centaur (D:5)
  A water moccasin zombie (D:7)
  3 scorpions
  A water moccasin skeleton (D:4)
  Dowan (D:7)
  A howler monkey (D:5)
  5 wights
  3 crimson imps
  A centaur zombie (D:7)
  A quasit (D:7)
  A jelly (D:7)
  A giant frog zombie (D:5)
  2 hounds
  Jessica (D:3)
  Ijyb (D:3)
  5 orc wizards
  5 worker ants
  A hound skeleton (D:4)
  A worker ant zombie (D:7)
  8 adders
  7 gnolls
  An adder skeleton (D:4)
  5 worms
  A dart slug (D:4)
  3 giant geckos
  23 orcs
  8 bats
  2 giant cockroaches
  7 goblins
  5 hobgoblins
  3 jackals
  3 kobolds
  3 quokkas
  A ball python (D:3)
  2 giant gecko zombies (D:7)
  9 giant newts
  A jackal skeleton (D:6)
  11 rats
150 creatures vanquished.

Vanquished Creatures (others)
  An orc wizard (D:5)
1 creature vanquished.

Grand Total: 151 creatures vanquished

Notes
Turn   | Place    | Note
-------+----------+-------------------------------------------
     0 | D:1      | seren the Draconian Transmuter began the quest for the Orb.
     0 | D:1      | Reached XP level 1. HP: 16/16 MP: 3/3
   605 | D:1      | Reached XP level 2. HP: 20/23 MP: 5/5
   797 | D:1      | Found a shattered altar of Ashenzari.
  1167 | D:1      | Reached skill level 4 in Unarmed Combat
  1681 | D:2      | Reached XP level 3. HP: 23/28 MP: 4/6
  1995 | D:2      | Noticed Sigmund
  2155 | D:3      | Reached XP level 4. HP: 35/35 MP: 5/7
  2270 | D:3      | Noticed Jessica
  2329 | D:3      | Reached skill level 5 in Unarmed Combat
  2496 | D:3      | Learned a level 2 spell: Sticks to Snakes
  2539 | D:3      | Noticed a sky beast
  2558 | D:3      | Killed a sky beast
  2558 | D:3      | Reached skill level 6 in Unarmed Combat
  2558 | D:3      | Reached XP level 5. HP: 14/40 MP: 8/8
  2906 | D:3      | Noticed a moth of wrath
  2909 | D:3      | Found a bloodstained altar of Trog.
  3115 | D:3      | Noticed Ijyb
  3126 | D:3      | Killed Ijyb
  3126 | D:3      | Reached XP level 6. HP: 43/47 MP: 7/9
  4853 | D:4      | Got a pitted falchion
  4854 | D:4      | Identified the +2 falchion "Soucholoa" {drain, rElec} (You found it on level 4 of the Dungeon)
  5028 | D:4      | Reached skill level 7 in Unarmed Combat
  5028 | D:4      | Your scales start taking on an icy white colour.
  5028 | D:4      | Reached XP level 7. HP: 32/52 MP: 10/10
  5028 | D:4      | Gained mutation: Your flesh is cold resistant. (rC+) [White Draconian growth]
  5348 | D:5      | Entered Level 5 of the Dungeon
  5534 | D:5      | Noticed Grinder
  5889 | D:3      | Killed Jessica
  6701 | D:4      | Learned a level 3 spell: Spider Form
  7131 | D:5      | Reached skill level 5 in Fighting
  7131 | D:5      | Reached XP level 8. HP: 60/69 MP: 11/11
  7141 | D:5      | Got an ancient spear
  7142 | D:5      | Identified the +8 spear of Action {drain, +Blink rElec rPois Dex+3} (You found it on level 5 of the Dungeon)
  7565 | D:6      | Found a staircase to the Ecumenical Temple.
  7575 | Temple   | Entered the Ecumenical Temple
  7643 | Temple   | Became a worshipper of Makhleb the Destroyer
  8170 | D:6      | Found a sacrificial altar of Ru.
  8498 | D:7      | Noticed Prince Ribbit
  8622 | D:6      | Killed Prince Ribbit
  8924 | D:7      | Reached skill level 5 in Transmutations
  9902 | D:7      | Found an oddly glowing altar of Pakellas.
  9940 | D:7      | Noticed Duvessa
  9941 | D:7      | Noticed Dowan
  9988 | D:7      | Reached XP level 9. HP: 54/72 MP: 14/14
 10186 | D:6      | Reached skill level 8 in Unarmed Combat
 10505 | D:2      | Found a deep blue altar of Sif Muna.
 10541 | D:2      | Killed Sigmund
 10894 | D:5      | Reached * piety under Makhleb
 11160 | D:7      | Noticed a manticore
 11399 | D:7      | Killed Dowan
 11425 | D:7      | Slain by a manticore

Vault maps used:
D:1:      nicolae_arrival_somewhat_less_tricky_arrival, hex_medium,
          ashenzari_altar_1
D:2:      lemuel_blue_sif_altar, first_bread, uniq_sigmund
D:3:      tgw_trog, uniq_iyjb, uniq_jessica
D:5:      kennysheep_generic_room_4, uniq_grinder
D:6:      lemuel_coloured_pillars_altar, hangedman_decor_peaks_small
D:7:      minmay_blocky_corners, kennysheep_mini_moat, david_defended_altar_orc,
          uniq_duvessa, uniq_prince_ribbit1
Temple:   nicolae_temple_elliptical

Skill      XL: |  1  2  3  4  5  6  7  8  9 |
---------------+----------------------------+-----
Unarmed Combat | 4 6 7 8 |  8.8
Dodging        | 2 3 4 |  4.0
Transmutations | 3 6 |  6.5
Fighting       | 5 |  5.6
Spellcasting   | 3 4 |  4.1

Action                   |  1- 3 |  4- 6 |  7- 9 || total
-------------------------+-------+-------+-------++-------
Melee: Unarmed           |   145 |   206 |   433 ||   784
       Tailslap          |    10 |    21 |    60 ||    91
       Headbutt          |     3 |    18 |    19 ||    40
       Punch             |       |     2 |    11 ||    13
Throw: Stone             |    21 |    16 |    28 ||    65
       Throwing net      |       |       |     1 ||     1
 Cast: Beastly Appendage |     6 |    15 |    13 ||    34
 Abil: Breathe Frost     |       |       |     3 ||     3
  Use: Scroll            |       |     5 |    12 ||    17
       Potion            |       |     2 |     7 ||     9
 Stab: Sleeping          |       |     1 |     1 ||     2
  Eat: Chunk             |     4 |     7 |    13 ||    24
       Royal jelly       |       |     1 |       ||     1
       Meat ration       |       |       |     1 ||     1
       Beef jerky        |       |       |     1 ||     1
       Pizza             |       |       |     1 ||     1
Armor: Skin              |    46 |    37 |   127 ||   210
Dodge: Dodged            |   105 |    98 |   253 ||   456
